 Dungeon Crawl Stone Soup version 0.27-a0-1147-gb3d8e82 (webtiles) character file.

Game seed: 15317046465106546449

72 Meow the Stinger (level 4, 36/36 HPs)
             Began as a Naga Venom Mage on May 11, 2021.
             Quit the game on level 2 of the Dungeon.
             The game lasted 00:05:48 (1473 turns).

Meow the Stinger (Naga Venom Mage)                  Turns: 1473, Time: 00:05:49

Health: 36/36      AC:  6    Str: 10    XL:     4   Next: 25%
Magic:  6/8        EV:  8    Int: 16    God:
Gold:   110        SH:  0    Dex: 12    Spells: 4/8 levels left

rFire    . . .     SeeInvis +   a - +0 hunting sling
rCold    . . .     Faith    .   (no shield)
rNeg     . . .     Spirit   .   j - +0 robe
rPois    +         Reflect  .   (no helmet)
rElec    .         Harm     .   (no cloak)
rCorr    .         Rampage  .   (no gloves)
Will     .....                  e - +0 barding
Stlth    +++.......             (no amulet)
HPRegen  0.12/turn              (no ring)
MPRegen  0.11/turn              (no ring)

@: short of breath, very slow
A: AC +1, large, see invisible, deformed body, poison resistance, slowness 2,
spit poison 1, naga tail 1
a: Spit Poison


You were on level 2 of the Dungeon.
You visited 1 branch of the dungeon, and saw 3 of its levels.

You collected 110 gold pieces.

Inventory:

Hand Weapons
 a - a +0 hunting sling (weapon)
 b - a +2 vorpal spear
 n - a +0 dagger of electrocution
Missiles
 d - 74 stones
 k - 9 sling bullets (quivered ammo)
 m - 21 bolts
Armour
 e - a +0 barding (worn)
 j - a +0 robe (worn)
Scrolls
 c - a scroll of fear {unknown}
 g - a scroll of blinking {unknown}
 i - a scroll of magic mapping {unknown}
 o - a scroll of fog {unknown}
Potions
 f - a potion of curing {unknown}
 h - a potion of resistance {unknown}
 l - a potion of haste {unknown}


   Skills:
 - Level 1.5 Dodging
 + Level 4.7 Stealth
 + Level 2.7 Spellcasting
 - Level 1.0 Transmutations
 + Level 5.0 Poison Magic


You had 4 spell levels left.
You knew the following spells:

 Your Spells              Type           Power      Damage    Failure   Level
a - Sting                 Tmut/Pois      44%        1d5       5%          1
c - Mephitic Cloud        Conj/Pois/Air  7%         N/A       28%         3

Your spell library contained the following spells:

 Spells                   Type           Power      Damage    Failure   Level
 Poisonous Vapours        Pois/Air       20%        N/A       11%         2
 Olgreb's Toxic Radiance  Pois           18%        N/A       24%         4
 Ignite Poison            Fire/Tmut/Pois 8%         N/A       26%         3


Dungeon Overview and Level Annotations

Branches:
Dungeon (3/15)

Altars:


Innate Abilities, Weirdness & Mutations

Your serpentine skin is tough. (AC +1)
You have supernaturally acute eyesight. (SInv)
Armour fits poorly on your strangely shaped body.
Your system is resistant to poisons. (rPois)
You cover ground very slowly.
You can spit poison.
You have a snake-like lower body.


Message History

You kill the ball python!
There is an open door here.
You have got your breath back.
You open the door.
There is an open door here.
An endoplasm comes into view.
An endoplasm is nearby!
Press: ? - help, Shift-Dir - straight line, f - endoplasm
Aim: an endoplasm (asleep)
The splash of poison hits the endoplasm.
The endoplasm is moderately wounded.
Unknown command.
Casting: Sting (safe; 5% risk of failure)
Confirm with . or Enter, or press ? or * to list all spells.
You can't see any susceptible monsters within range! (Use Z to cast anyway.) Fire: 10 sling bullets
Press: ? - help, Q - select action, (/) - cycle Shift-Dir - straight line, f/p - endoplasm
Aim: an endoplasm (moderately wounded, 85% to hit)
You shoot a sling bullet.
The sling bullet hits the endoplasm but does no damage.
The endoplasm is moderately wounded.
Casting: Sting (safe; 5% risk of failure)
Confirm with . or Enter, or press ? or * to list all spells.
Aiming: Sting (safe; 5% risk of failure)
Press: ? - help, Shift-Dir - straight line, f/p - endoplasm
Aim: an endoplasm (moderately wounded, 98% to hit)
The sting hits the endoplasm.
The endoplasm partially resists.
The endoplasm is poisoned.
The endoplasm is heavily wounded.
Casting: Sting (safe; 5% risk of failure)
Confirm with . or Enter, or press ? or * to list all spells.
Aiming: Sting (safe; 5% risk of failure)
Press: ? - help, Shift-Dir - straight line, f/p - endoplasm
Aim: an endoplasm (severely wounded, poisoned, 98% to hit)
The sting hits the endoplasm.
The endoplasm looks even sicker.
The endoplasm is almost dead.
An endoplasm is nearby!
Unknown command.
An endoplasm is nearby!
Are you sure you want to abandon this character and quit the game? (Confirm with "yes".)

#<......)...#.#
###.##.......#.#
#............+
#.#.##.......#
#.#.##....[..# #
#.##.......#
#.##......########
#.##.######...(...
#.##.# #@J# #.#...
#.## #.#... ###.#
#.# #...# #.#.#
#.#.# ########.#.⌠
.......'.##..
########..####


You could see an endoplasm (very poisoned).

Vanquished Creatures
  2 adders (D:2)
  3 endoplasms (D:1)
  2 giant cockroaches (D:1)
  9 goblins
  9 hobgoblins
  3 jackals (D:1)
  4 kobolds (D:1)
  A quokka (D:1)
  6 ball pythons
  2 bats (D:1)
  2 frilled lizards (D:2)
  7 rats
50 creatures vanquished.

Notes
Turn   | Place    | Note
-------+----------+-------------------------------------------
     0 | D:1      | Meow the Naga Venom Mage began the quest for the Orb.
     0 | D:1      | Reached XP level 1. HP: 15/15 MP: 3/3
   210 | D:1      | Reached XP level 2. HP: 22/22 MP: 5/5
   481 | D:1      | Reached XP level 3. HP: 28/28 MP: 6/6
   485 | D:1      | Learned a level 3 spell: Mephitic Cloud
  1291 | D:2      | Reached XP level 4. HP: 36/36 MP: 8/8
  1350 | D:2      | Reached skill level 5 in Poison Magic
  1473 | D:2      | Quit the game

Illustrated notes

Levels and vault maps discovered:
D:1:      onia_arrival_handbag, layout_basic
D:2:      layout_basic, serial_shops, shop, grunt_ministairs_11, uniq_robin
D:3:      layout_basic, overflow_temple_1_default

Skill      XL: |  1  2  3  4 |
---------------+-------------+-----
Stealth        | 4 |  4.7
Poison Magic   | 5 |  5.0
Dodging        | |  1.5
Spellcasting   | |  2.7
Transmutations | |  1.0

Action                   |  1- 3 |  4- 6 || total
-------------------------+-------+-------++-------
Melee: Club              |     1 |       ||     1
       Spear             |     1 |       ||     1
 Fire: Hunting sling     |     4 |     1 ||     5
Throw: Stone             |    16 |       ||    16
 Cast: Sting             |    24 |     6 ||    30
 Abil: Spit Poison       |    41 |     7 ||    48
Armor: Robe              |    10 |     3 ||    13
Dodge: Dodged            |    10 |     1 ||    11

Table legend: (Time is in decaauts)
 A = Elapsed time spent in this place.
 B = Non-inter-level travel time spent in this place.
 C = Inter-level travel time spent in this place.
 D = Time resting spent in this place.
 E = Time spent auto-exploring this place.
 F = Levels seen in this place.
 G = Mean time per level.
                   A        B        C        D        E       F      G
               +--------+--------+--------+--------+--------+-----+--------+
         Total |   1913 |   1891 |     22 |    176 |   1302 |   3 |  637.7 |
       Dungeon |   1913 |   1891 |     22 |    176 |   1302 |   3 |  637.7 |
               +--------+--------+--------+--------+--------+-----+--------+

Top non-repeatable levels by time:
     D:1: 987 daAuts
     D:2: 921 daAuts
     D:3: 5 daAuts
